 Dungeon Crawl Stone Soup version 0.25-a0-781-gc44aebf4fe (webtiles) character file.

Game seed: 15565115790978724886, levelgen mode: deterministic

258 MirrMurr the Covert (level 5, 0/24 HPs)
             Began as a Spriggan Enchanter on Apr 16, 2020.
             Slain by Menkaure (14 damage)
             ... on level 4 of the Dungeon.
             The game lasted 00:10:12 (4833 turns).

MirrMurr the Covert (Spriggan Enchanter)            Turns: 4833, Time: 00:10:13

Health: 0/24       AC: 12    Str:  5    XL:     5   Next: 94%
Magic:  8/10       EV: 18    Int: 17    God:
Gold:   165        SH:  0    Dex: 16    Spells: 3/9 levels left

rFire    . . .     SeeInvis +   a - +2 dagger (protect)
rCold    . . .     Gourm    .   (shield restricted)
rNeg     . . .     Faith    .   j - +0 robe
rPois    .         Spirit   .   (helmet restricted)
rElec    .         Reflect  .   p - +2 cloak
rCorr    +         Harm     .   (gloves unavailable)
MR       .....                  (boots unavailable)
Stlth    ++++......             (no amulet)
HPRegen  0.08/turn              f - ring of resist corrosion
MPRegen  0.12/turn              (no ring)

@: protection aura, very quick
A: very small, unfitting armour, see invisible, herbivore, speed 3, slow
metabolism 2
a: no special abilities


You were on level 4 of the Dungeon.
You were not hungry.

You visited 1 branch of the dungeon, and saw 4 of its levels.

You collected 165 gold pieces.

Inventory:

Hand Weapons
 a - a +2 dagger of protection (weapon)
 b - a +0 hunting sling
Missiles
 d - 82 stones (quivered)
 q - 7 poisoned darts
Armour
 j - a +0 robe (worn)
 p - a +2 cloak (worn)
Jewellery
 f - a ring of resist corrosion (left hand)
 m - a +4 amulet of reflection {unknown}
Scrolls
 o - a scroll of magic mapping
Potions
 e - 2 potions of curing
 g - 4 potions of flight
 h - a potion of resistance
 i - a potion of degeneration {unknown}
 k - 3 potions of invisibility
 l - a potion of mutation
 r - a potion of lignification {unknown}
Comestibles
 c - 5 rations


   Skills:
 + Level 4.6 Short Blades
 - Level 3.0 Dodging
 - Level 8.0 Stealth
 - Level 2.6 Spellcasting
 - Level 3.6 Hexes


You had 3 spell levels left.
You knew the following spells:

 Your Spells              Type           Power        Failure   Level  Hunger
a - Ensorcelled Hibernat  Hex/Ice        #.....       13%         2    ##.....
b - Confusing Touch       Hex            ##......     12%         3    ###....
C - Corona                Hex            ##.....      4%          1    #......

Your spell library contained the following spells:

 Spells                   Type           Power        Failure   Level  Hunger
 Tukima's Dance           Hex            ##......     12%         3    ###....
 Dazzling Flash           Conj/Hex       #.....       26%         3    ###....


Dungeon Overview and Level Annotations

Branches:
Dungeon (4/15)
 Temple: D:4-7

Altars:
Gozag
Makhleb

Annotations:
D:4 Menkaure


Innate Abilities, Weirdness & Mutations

You are very small and have problems with some larger weapons.
You are too small for most types of armour.
You have supernaturally acute eyesight. (SInv)
You are a herbivore.
You cover ground extremely quickly.
You need to consume almost no food.


Message History

You feel better. Menkaure hits you.
You barely miss Menkaure.
Menkaure murmurs drily.
Menkaure misses you.
You hit Menkaure but do no damage.
Menkaure appears confused.
Menkaure barely misses you.
You barely miss Menkaure. You hit Menkaure.
Your weapon exudes an aura of protection.
Menkaure is lightly damaged.
You hit Menkaure.
Menkaure is lightly damaged.
Menkaure misses you.
You hit Menkaure.
Menkaure is moderately damaged.
You hit Menkaure but do no damage.
Menkaure is moderately damaged.
Menkaure hits you!
Ouch! That really hurt!
You die...

..####................#.#**
...#........#.............*
...........###...........##
.....#......##..........##
.....#......#####......##
.#[..........#.#........#
###†.##.................#
##..####.##.†#.........#
##...##..##...#.@M.##..##
.#............#.....#..#
......###..####....##,.#
......#*#..,* #.....#,*#***
..........#***###.....,**,*
.....###..***,**,......*,,***
........,#**,,,*,.##...#,,,,*
#......#,,,,,,,,,..,....,,***
#......#,*,,,,,,,,,,,,,,,,*


You could see Menkaure (confused).

Vanquished Creatures
  A scorpion (D:4)
  A hound (D:4)
  Crazy Yiuf (D:2)
  An orc priest (D:4)
  6 adders
  A worm (D:3)
  3 dart slugs
  2 leopard geckos (D:1)
  3 orcs (D:3)
  2 bats
  4 giant cockroaches
  4 goblins
  4 hobgoblins
  2 jackals (D:4)
  3 quokkas
  A ball python (D:1)
  6 frilled lizards
  10 kobolds (D:1)
  7 rats
62 creatures vanquished.

Notes
Turn   | Place    | Note
-------+----------+-------------------------------------------
     0 | D:1      | MirrMurr the Spriggan Enchanter began the quest for the
                  | Orb.
     0 | D:1      | Reached XP level 1. HP: 9/9 MP: 5/5
   288 | D:1      | Reached XP level 2. HP: 5/13 MP: 3/6
   292 | D:1      | Learned a level 2 spell: Ensorcelled Hibernation
   517 | D:1      | Reached skill level 5 in Stealth
  1881 | D:1      | Reached XP level 3. HP: 16/16 MP: 8/8
  2604 | D:2      | Found a runed translucent door.
  2605 | D:2      | Noticed Crazy Yiuf
  2668 | D:2      | Found a burning altar of Makhleb.
  2668 | D:2      | Noticed an Executioner
  2837 | D:2      | Killed Crazy Yiuf
  2837 | D:2      | Reached skill level 6 in Stealth
  2837 | D:2      | Reached XP level 4. HP: 21/21 MP: 6/9
  3592 | D:3      | Found an opulent altar of Gozag.
  4039 | D:4      | Reached skill level 7 in Stealth
  4039 | D:4      | Reached XP level 5. HP: 12/24 MP: 1/10
  4755 | D:4      | Reached skill level 8 in Stealth
  4760 | D:4      | Learned a level 3 spell: Confusing Touch
  4763 | D:4      | Noticed Menkaure
  4833 | D:4      | Slain by Menkaure

Levels and vault maps discovered:
D:1:      dpeg_arrival_solitude, layout_basic, roderic_malta_cross
D:2:      layout_basic, makhleb_altar_promises_db, uniq_crazy_yiuf_cottage
D:3:      layout_loops_corners, nicolae_gozag_cash_rules_everything_around_me
D:4:      layout_cave_pools, lemuel_zombie_altar_yredelemnul, serial_park,
          uniq_menkaure, uniq_duvessa

Skill      XL: |  1  2  3  4  5 |
---------------+----------------+-----
Stealth        | 5 6 7 8 |  8.0
Short Blades   | 2 3 4 |  4.6
Dodging        | |  3.0
Spellcasting   | |  2.6
Hexes          | |  3.6

Action                   |  1- 3 |  4- 6 || total
-------------------------+-------+-------++-------
Melee: Dagger            |   149 |   122 ||   271
 Cast: Corona            |     4 |       ||     4
       Ensorcelled Hiber |     5 |    19 ||    24
       Confusing Touch   |       |     1 ||     1
  Use: Scroll            |     4 |     5 ||     9
       Potion            |       |     1 ||     1
 Stab: Sleeping          |     9 |    14 ||    23
  Eat: Ration            |       |     2 ||     2
Armor: Robe              |    12 |    24 ||    36
Dodge: Dodged            |   108 |   105 ||   213

Table legend:
 A = Non-vault XP
 B = Vault XP
 C = Vault XP percentage of total XP
 D = Non-vault monster count
 E = Vault monster count
 F = Vault count percentage of total count
                 A         B        C        D         E       F
            +---------+---------+-------+---------+---------+-------
      Total |     328 |      41 |  11.1 |      61 |       1 |   1.6
            +---------+---------+-------+---------+---------+-------
        D:1 |      41 |       0 |   0.0 |      25 |       0 |   0.0
        D:2 |      29 |      41 |  58.6 |      10 |       1 |   9.1
        D:3 |      59 |       0 |   0.0 |      17 |       0 |   0.0
        D:4 |     199 |       0 |   0.0 |       9 |       0 |   0.0
            +---------+---------+-------+---------+---------+-------
